 Dungeon Crawl Stone Soup version 0.14.0-12-g87ee3b7 (webtiles) character file.

35824 KaKa the Bludgeoner (level 13, -2/141 HPs)
             Began as an Ogre Hunter on Apr 16, 2014.
             Was the Champion of Okawaru.
             Slain by a jumping spider (18 damage)
             ... on Level 6 of the Lair of Beasts on Apr 17, 2014.
             The game lasted 01:40:09 (19138 turns).

KaKa the Bludgeoner (Ogre Hunter)                  Turns: 19138, Time: 01:40:10

HP  -2/141       AC 11     Str 22      XL: 13   Next: 80%
MP  23/24        EV 14     Int 15      God: Okawaru [******]
Gold 906         SH  0     Dex 16      Spells:  0 memorised, 12 levels left

rFire  + + +     SeeInvis .     j - +5,+4 giant club of the Wheel {flame, rF+ Int+2}
rCold  + . .     Clarity  .     v - +2 robe {rF+}
rNeg   . . .     Conserve .     (shield restricted)
rPois  +         rCorr    .     u - +4 hat "Rageasseb" {Str+2 Int+3 Dam+6}
rElec  .         rRot     .     h - +0 cloak {rPois}
SustAb . .       Spirit   .     (gloves unavailable)
rMut   .         Warding  .     (boots unavailable)
Saprov + . .     Stasis   .     (no amulet)
MR     +....                    N - +2 ring of dexterity
                                Q - ring of the Middle {+Inv rF+ rC+}

@: about to teleport, heroism, somewhat resistant to hostile enchantments,
stealthy
A: unfitting armour, fast metabolism 1, saprovore 1, tough skin 1
a: Heroism, Finesse, Renounce Religion, Evoke Invisibility


You were on level 6 of the Lair of Beasts.
You worshipped Okawaru.
Okawaru was exalted by your worship.
You were hungry.

You visited 3 branches of the dungeon, and saw 17 of its levels.
You also visited: Ossuary and Volcano.

You collected 906 gold pieces.

Inventory:

Hand weapons
 a - a +2,+2 giant spiked club
 b - a cursed +0 blowgun
 j - the +5,+4 giant club of the Wheel (weapon) {flame, rF+ Int+2}
   (Okawaru gifted it to you on level 3 of the Lair of Beasts)

   It emits flame when wielded, causing extra injury to most foes and up to
   double damage against particularly susceptible opponents.
   It affects your intelligence (+2).
   It protects you from fire.
 n - the +7,+4 quick blade of the Other Side {stab, rF+ rC+}
   (Okawaru gifted it to you on level 8 of the Dungeon)

   It inflicts extra damage upon your enemies.
   It protects you from fire.
   It protects you from cold.
Missiles
 p - 4 curare-tipped needles
 w - 3 large rocks (quivered)
Armour
 h - a +0 cloak of poison resistance (worn)
 u - the +4 hat "Rageasseb" (worn) {Str+2 Int+3 Dam+6}
   (Okawaru gifted it to you on level 1 of the Lair of Beasts)

   It affects your strength (+2).
   It affects your intelligence (+3).
   It affects your damage with ranged weapons and melee attacks (+6).
 v - a +2 robe of fire resistance (worn)
 z - a +2 cloak
Magical devices
 o - a wand of disintegration (11)
 s - a wand of draining (2)
 t - a wand of draining (4)
 x - a wand of lightning (1)
 G - a wand of magic darts (15)
 J - a wand of flame (17)
 L - a wand of flame (17)
 O - a wand of enslavement (10)
Comestibles
 f - 3 meat rations
 q - 8 lemons
 A - 4 bread rations
 C - an apricot
 E - a choko
 M - 3 chunks of worker ant flesh
 P - 2 chunks of soldier ant flesh
 R - 8 strawberries
Scrolls
 d - 2 scrolls of remove curse
 e - 5 scrolls of teleportation
 k - 4 scrolls of identify
Jewellery
 N - a +2 ring of dexterity (right hand)
 Q - the ring of the Middle (left hand) {+Inv rF+ rC+}
   (You found it on level 9 of the Dungeon)

   [ring of protection from cold]

   It protects you from fire.
   It lets you turn invisible.
Potions
 l - 5 potions of curing
 m - 3 potions of agility {unknown}
 r - a potion of resistance {unknown}
 B - 4 potions of berserk rage {unknown}
 F - 2 potions of magic {unknown}
 H - 3 potions of restore abilities {unknown}
 I - a potion of haste {unknown}
 K - a potion of brilliance {unknown}
Books
 i - a book of the Tempests

   Spells                             Type                      Level
   Static Discharge                   Conjuration/Air              3
   Lightning Bolt                     Conjuration/Air              5
   Fireball                           Conjuration/Fire             5
   Tornado                            Air                          9
   Shatter                            Earth                        9
 y - a book of Summonings

   Spells                             Type                      Level
   Abjuration                         Summoning                    3
   Recall                             Summoning/Translocation      3
   Summon Elemental                   Summoning                    4
   Shadow Creatures                   Summoning                    5
   Summon Demon                       Summoning                    5
   Monstrous Menagerie                Summoning                    6
Miscellaneous
 D - a phial of floods


   Skills:
 + Level 12.7(17.7) Fighting
 + Level 20.3(25.3) Maces & Flails
 - Level 4.3(9.3) Throwing
 - Level 6.8(11.8) Armour
 - Level 1.7(6.7) Dodging
 - Level 0.7(5.7) Stealth
 - Level 7.0 Invocations
 - Level 5.8 Evocations


You had 12 spell levels left.
You didn't know any spells.

Dungeon Overview and Level Annotations

Branches:
Dungeon (10/15)            Temple (1/1) D:7             Orc (0/4) D:10
   Lair (6/8) D:10         Shoals (0/5) Lair:4       Spider (0/5) Lair:6
  Slime: Lair:6-8

Altars:
Ashenzari
Dithmenos
Fedhas
Kikubaaqudgha
Makhleb
Okawaru
Sif Muna
Trog
Vehumet
Yredelemnul
Zin
The Shining One


Innate Abilities, Weirdness & Mutations

You are too large for most types of armour.
You have a fast metabolism.
You can tolerate rotten meat.
You have tough skin (AC +1).


Message History

Drink which item? (? for menu, Esc to quit)
You feel much better.
The jumping spider pounces on you but does no damage.
The jumping spider bites you but does no damage.
The jumping spider pounces on you but does no damage.
The jumping spider bites you.
* * * LOW HITPOINT WARNING * * *
Read which item? (? for menu, Esc to quit)
As you read the scroll of teleportation, it crumbles to dust.
You feel strangely unstable. The jumping spider pounces on you!
* * * LOW HITPOINT WARNING * * *
The jumping spider barely misses you.
You closely miss the jumping spider.
The jumping spider is lightly wounded.
The jumping spider pounces on you.
* * * LOW HITPOINT WARNING * * *
The jumping spider bites you but does no damage.
Drink which item? (? for menu, Esc to quit)
You feel better. The jumping spider pounces on you!
You die...

......................##..#
........................####
......................###
.......................##
.............#.........f.##
...?.........##...........##
.........##.^^##...........#
..........##...###........P#
..........#@....#.....P..##
..........##s^.^##....####
........... ..^^.##....###
..........##.^...#......##
.....#.... #..>.#.......##
.##. .#.# #...#......... # #
## #.#.....## ##.#....#
####P..#


You could see a jumping spider.

Vanquished Creatures
  5 hydras
  A centaur warrior (D:8)
  A griffon (Lair:2)
  A cyclops (D:8)
  5 black mambas
  A molten gargoyle (Volcano)
  3 gargoyles
  7 spiny frogs
  A queen ant (Lair:6)
  An efreet (Volcano)
  4 komodo dragons
  A two-headed ogre (D:8)
  A snapping turtle (Lair:4)
  8 blink frogs
  A deep elf mage (D:9)
  2 redbacks (Lair:6)
  2 basilisks
  2 fire bats (Volcano)
  2 shadows (D:8)
  A fire elemental (Volcano)
  A toenail golem (Volcano)
  Eustachio (D:10)
  2 hill giant zombies (D:10)
  An ugly thing (Volcano)
  7 hippogriffs
  3 hungry ghosts
  22 yaks
  Grum (D:10)
  2 sharks (Lair:1)
  6 humans (D:7)
  8 porcupines
  11 water moccasins
  7 wolves
  A hill giant skeleton (D:8)
  Menkaure (D:4)
  15 soldier ants
  An ice beast (D:8)
  A sky beast (D:5)
  A black bear (Lair:1)
  6 phantoms
  4 centaurs
  4 yellow wasps
  2 giant goldfish (Lair:1)
  2 orc warriors
  6 ogres
  Duvessa (D:4)
  11 giant frogs
  5 crocodiles
  9 lava worms (Volcano)
  A big kobold (D:9)
  10 giant slugs
  A cyclops skeleton (D:10)
  A scorpion (D:6)
  4 troll zombies
  11 wights
  2 killer bees (D:10)
  4 crimson imps
  2 electric eels
  2 orc priests
  5 lava snakes (Volcano)
  Dowan (D:4)
  3 human zombies (Ossuary)
  7 jellies
  2 centaur skeletons
  An orange rat (D:7)
  2 big fish (Lair:4)
  An elf skeleton (D:10)
  13 hounds
  10 orc wizards
  6 iguanas
  7 sheep (Lair:1)
  38 worker ants
  A crocodile zombie (D:8)
  A big kobold zombie (Ossuary)
  An ogre zombie (D:10)
  4 mummies (Ossuary)
  Terence (D:2)
  6 gnolls
  2 shadow imps
  An inept item mimic (Lair:1)
  A giant mite (Lair:1)
  25 green rats
  An inept feature mimic (D:7)
  25 adders
  7 worms
  A giant eyeball (D:6)
  An ooze (D:1)
  31 orcs
  A bat zombie (D:7)
  5 giant cockroaches
  18 hobgoblins
  34 jackals
  22 kobolds
  3 ball pythons
  18 bats
  9 giant geckos
  5 giant newts
  A giant spore (D:6)
  11 goblins
  2 goblin skeletons (D:10)
  4 goblin zombies
  2 hobgoblin skeletons
  3 hobgoblin zombies
  2 kobold zombies
  2 orc skeletons (D:10)
  11 orc zombies (D:10)
  11 quokkas
  28 rats
  A rat skeleton (D:6)
  A ballistomycete (D:8)
  2 plants
631 creatures vanquished.

Vanquished Creatures (others)
  A giant spore (D:8)
  A fungus (Lair:3)
  6 plants
8 creatures vanquished.

Grand Total: 639 creatures vanquished

Notes
Turn   | Place    | Note
--------------------------------------------------------------
     0 | D:1      | KaKa, the Ogre Hunter, began the quest for the Orb.
     0 | D:1      | Reached XP level 1. HP: 22/22 MP: 1/1
   147 | D:1      | Reached XP level 2. HP: 6/29 MP: 2/2
   738 | D:2      | Reached XP level 3. HP: 34/36 MP: 3/3
  1192 | D:2      | Reached skill level 5 in Maces & Flails
  1192 | D:2      | Reached XP level 4. HP: 44/44 MP: 4/4
  1407 | D:2      | Found an iron altar of Okawaru.
  1409 | D:2      | Noticed Terence
  1424 | D:2      | Killed Terence
  1441 | D:2      | Became a worshipper of Warmaster Okawaru
  1909 | D:3      | Reached skill level 6 in Maces & Flails
  1909 | D:3      | Reached XP level 5. HP: 32/50 MP: 5/5
  2878 | D:4      | Noticed Dowan
  2879 | D:4      | Noticed Duvessa
  2879 | D:4      | Killed Dowan
  2879 | D:4      | Reached skill level 7 in Maces & Flails
  2883 | D:4      | Noticed Menkaure
  2890 | D:4      | Killed Duvessa
  2890 | D:4      | Reached skill level 8 in Maces & Flails
  2890 | D:4      | Reached XP level 6. HP: 27/59 MP: 6/6
  3082 | D:4      | Found a bloodstained altar of Trog.
  3224 | D:4      | HP: 3/88 [something/magic dart (6)]
  3229 | D:4      | Acquired Okawaru's first power
  3460 | D:4      | Noticed a centaur
  3467 | D:4      | Killed a centaur
  3467 | D:4      | Reached skill level 9 in Maces & Flails
  3468 | D:4      | Noticed an ogre
  3477 | D:4      | Killed an ogre
  3477 | D:4      | Reached XP level 7. HP: 34/66 MP: 7/7
  3702 | D:4      | Killed Menkaure
  3702 | D:4      | Reached skill level 10 in Maces & Flails
  3822 | D:4      | Found a burning altar of Makhleb.
  3822 | D:4      | Noticed a green death
  3827 | D:4      | Noticed a hellwing
  3827 | D:4      | Noticed a smoke demon
  4134 | D:5      | Entered Level 5 of the Dungeon
  4212 | D:5      | Reached skill level 11 in Maces & Flails
  4212 | D:5      | Reached XP level 8. HP: 74/74 MP: 8/8
  4261 | D:5      | Found a sand-covered staircase.
  4269 | Ossuary  | Entered an ossuary
  4570 | D:5      | Reached skill level 12 in Maces & Flails
  5140 | D:6      | Reached skill level 13 in Maces & Flails
  5553 | D:6      | Found a shadowy altar of Dithmenos.
  5729 | D:6      | Found a glowing golden altar of the Shining One.
  5729 | D:6      | Found a basalt altar of Yredelemnul.
  5732 | D:6      | Noticed an angel
  5738 | D:6      | Noticed a profane servitor
  5750 | D:6      | Paralysed by a giant eyeball for 3 turns
  5865 | D:6      | Found an ancient bone altar of Kikubaaqudgha.
  5868 | D:6      | Found a blossoming altar of Fedhas.
  5871 | D:6      | Found a shadowy altar of Dithmenos.
  6100 | D:6      | Reached XP level 9. HP: 73/80 MP: 9/9
  6183 | D:7      | Reached skill level 14 in Maces & Flails
  6227 | D:7      | Reached skill level 15 in Maces & Flails
  6479 | D:7      | Found a staircase to the Ecumenical Temple.
  6508 | Temple   | Entered the Ecumenical Temple
  6566 | D:7      | Paralysed by a yellow wasp for 2 turns
  6921 | D:7      | Reached skill level 16 in Maces & Flails
  7398 | D:8      | Reached XP level 10. HP: 88/88 MP: 10/10
  7641 | D:8      | Noticed a centaur warrior
  7657 | D:8      | Killed a centaur warrior
  7657 | D:8      | Acquired Okawaru's second power
  7657 | D:8      | Reached skill level 17 in Maces & Flails
  8212 | D:8      | Reached skill level 1 in Armour
  8482 | D:8      | Received a gift from Okawaru
  8483 | D:8      | Got a fine quick blade {god gift}
  8491 | D:8      | Identified the +7,+4 quick blade of the Other Side {stab, rF+ rC+} (Okawaru gifted it to you on level 8 of the Dungeon)
  8656 | D:8      | Noticed a cyclops
  9099 | D:8      | Reached skill level 5 in Fighting
  9118 | D:8      | Reached skill level 18 in Maces & Flails
  9411 | D:8      | Killed a cyclops
  9411 | D:8      | Reached XP level 11. HP: 63/105 MP: 11/11
  9736 | D:8      | Found a shattered altar of Ashenzari.
  9981 | D:9      | Got a crude iron ring
 10343 | D:9      | Received a gift from Okawaru
 10689 | D:9      | Identified the ring of the Middle {+Inv rF+ rC+} (You found it on level 9 of the Dungeon)
 10849 | D:9      | Found a glowing silver altar of Zin.
 11157 | D:10     | Entered Level 10 of the Dungeon
 11229 | D:10     | Noticed Grum
 11242 | D:10     | Killed Grum
 12073 | D:10     | Found a staircase to the Lair.
 12130 | D:10     | Reached skill level 5 in Armour
 12237 | D:10     | Found a staircase to the Orcish Mines.
 12351 | D:10     | Received a gift from Okawaru
 12598 | D:10     | Noticed Eustachio
 12611 | D:10     | Killed Eustachio
 13072 | Lair:1   | Entered Level 1 of the Lair of Beasts
 13086 | Lair:1   | Noticed a seven-headed hydra
 13094 | Lair:1   | Killed a seven-headed hydra
 13094 | Lair:1   | Reached skill level 19 in Maces & Flails
 13298 | Lair:1   | Reached XP level 12. HP: 50/124 MP: 12/12
 13869 | Lair:1   | Noticed an eight-headed hydra
 13875 | Lair:1   | Killed an eight-headed hydra
 13875 | Lair:1   | Reached skill level 10 in Fighting
 14095 | Lair:1   | Received a gift from Okawaru
 14096 | Lair:1   | Got a transparent hat {god gift}
 14100 | Lair:1   | Identified the +4 hat "Rageasseb" {Str+2 Int+3 Dam+6} (Okawaru gifted it to you on level 1 of the Lair of Beasts)
 15826 | Lair:3   | Noticed a six-headed hydra
 15832 | Lair:3   | Killed a six-headed hydra
 15930 | Lair:3   | Noticed a six-headed hydra
 15935 | Lair:3   | Killed a six-headed hydra
 16008 | Lair:3   | Reached skill level 20 in Maces & Flails
 16203 | Lair:3   | Received a gift from Okawaru
 16204 | Lair:3   | Got a pitted giant club {god gift}
 16205 | Lair:3   | Identified the +5,+4 giant club of the Wheel {flame, rF+ Int+2} (Okawaru gifted it to you on level 3 of the Lair of Beasts)
 16544 | Lair:4   | Reached skill level 1 in Invocations
 16544 | Lair:4   | Reached skill level 1 in Evocations
 16604 | Lair:4   | Reached XP level 13. HP: 128/140 MP: 14/16
 17153 | Lair:4   | Found a staircase to the Shoals.
 17553 | Lair:5   | Reached skill level 5 in Invocations
 17557 | Lair:5   | Received a gift from Okawaru
 17797 | Lair:5   | Found a dark tunnel.
 17806 | Volcano  | Entered a volcano
 17946 | Volcano  | Reached skill level 5 in Evocations
 18299 | Volcano  | Found a burning altar of Makhleb.
 19122 | Lair:6   | Found a hole to the Spider Nest.
 19134 | Lair:6   | HP: 6/141 [jumping spider (16)]
 19138 | Lair:6   | Slain by a jumping spider

Action                   |  1- 3 |  4- 6 |  7- 9 | 10-12 | 13-15 || total
-------------------------+-------+-------+-------+-------+-------++-------
Melee: Club              |    41 |       |       |       |       ||    41
       Whip              |    58 |    63 |       |       |       ||   121
       Flail             |       |   171 |   498 |    67 |       ||   736
       Giant spiked club |       |       |       |   619 |       ||   619
       Quick blade       |       |       |       |     6 |       ||     6
       Giant club        |       |       |       |    40 |   350 ||   390
Throw: Large rock        |     6 |     8 |    14 |    82 |    12 ||   122
       Throwing net      |       |     1 |       |     2 |       ||     3
Invok: Heroism           |       |       |     3 |     7 |     4 ||    14
Evoke: Wand              |       |       |     1 |     4 |     7 ||    12
  Use: Potion            |       |     4 |       |     2 |     4 ||    10
       Scroll            |       |     2 |     5 |    18 |     2 ||    27
 Stab: Sleeping          |     1 |     1 |     1 |     4 |     1 ||     8
       Held in net/web   |       |     1 |       |       |       ||     1
       Distracted        |       |       |     1 |     2 |     2 ||     5
